[ AOE2 MATCH · #507988791 ]
UnrankedBengalis vs Armenians
Player's team · WIN
Rival team · LOSS
[ REPLAY ANALYSIS · EXTRACTED FROM THE RECORDED GAME ]
Feudal
11:09
Castle
23:23
Imperial
38:40
| APM avg | 67.2 |
| APM peak | 113 |
| eAPM avg | 32.1 |
| Villagers / military | 194 / 132 |
Focus
⚔️ 52.7% · 🌾 47.3%
Archer ×72 · Scout Cavalry ×40 · Trebuchet (Packed) ×6 · Mangonel ×5 · Skirmisher ×4 · Militia ×3
Feudal
9:25
Castle
25:58
Imperial
42:45
| APM avg | 65.0 |
| APM peak | 107 |
| eAPM avg | 38.4 |
| Villagers / military | 180 / 128 |
Focus
⚔️ 59.8% · 🌾 40.2%
Skirmisher ×62 · Archer ×38 · Mangonel ×23 · Militia ×5
Match map
Initial resources + every placement click. Lines = walls · curves = elevation contours. ◆ gold · ⬟ stone · ● berries · ✦ relic · ◌ wall gap
Your base· Open — 4t gap
FJL's base· Open — 4t gap
Smoothed initial terrain · ◌ = detected wall gap · hover for details
Inputs per minute
— Chagas - - FJL
Build order — Chagas
First 150 of 504 actions detected
| 0:01 | Create | Villager (Male) |
| 0:01 | Create | Villager (Male) |
| 0:02 | Build | House |
| 0:02 | Create | Villager (Male) |
| 0:03 | Build | House |
| 0:03 | Create | Villager (Male) |
| 1:26 | Create | Villager (Male) |
| 1:50 | Build | Lumber Camp |
| 1:56 | Create | Villager (Male) |
| 1:56 | Create | Villager (Male) |
| 2:26 | Create | Villager (Male) |
| 2:54 | Create | Villager (Male) |
| 3:01 | Create | Villager (Male) |
| 3:35 | Create | Villager (Male) |
| 4:01 | Build | House |
| 4:05 | Create | Villager (Male) |
| 4:24 | Build | House |
| 4:32 | Create | Villager (Male) |
| 4:33 | Create | Villager (Male) |
| 4:55 | Build | Barracks |
| 5:23 | Create | Villager (Male) |
| 5:27 | Build | House |
| 5:43 | Create | Villager (Male) |
| 5:49 | Create | Villager (Male) |
| 5:51 | Create | Militia |
| 5:57 | Build | Palisade Wall |
| 6:02 | Create | Villager (Male) |
| 6:18 | Create | Militia |
| 6:29 | Build | Mill |
| 6:35 | Create | Villager (Male) |
| 6:39 | Create | Militia |
| 6:49 | Create | Villager (Male) |
| 6:54 | Build | Palisade Wall |
| 6:57 | Create | Villager (Male) |
| 7:28 | Create | Villager (Male) |
| 7:29 | Create | Villager (Male) |
| 7:34 | Research | Loom |
| 7:50 | Create | Villager (Male) |
| 7:58 | Create | Villager (Male) |
| 8:03 | Create | Villager (Male) |
| 8:12 | Create | Villager (Male) |
| 8:12 | Create | Villager (Male) |
| 8:13 | Create | Villager (Male) |
| 8:39 | Create | Villager (Male) |
| 8:43 | Build | Mill |
| 8:59 | Research | Feudal Age |
| 9:15 | Build | Mining Camp |
| 9:54 | Create | Villager (Male) |
| 10:03 | Create | Villager (Male) |
| 10:08 | Build | Palisade Wall |
| 10:12 | Create | Villager (Male) |
| 10:13 | Create | Villager (Male) |
| 10:15 | Create | Villager (Male) |
| 10:15 | Create | Villager (Male) |
| 10:22 | Create | Villager (Male) |
| 10:36 | Build | House |
| 10:39 | Build | Palisade Wall |
| 10:42 | Build | Palisade Wall |
| 10:45 | Build | Palisade Wall |
| 10:45 | Build | Palisade Wall |
| 10:46 | Build | Palisade Wall |
| 10:51 | Create | Villager (Male) |
| 11:01 | Build | Palisade Wall |
| 11:09 | Age | Feudal Age |
| 11:22 | Research | Man-at-Arms (upgrade) |
| 11:23 | Create | Villager (Male) |
| 11:23 | Create | Villager (Male) |
| 11:23 | Create | Villager (Male) |
| 11:23 | Create | Villager (Male) |
| 11:25 | Build | Palisade Wall |
| 11:31 | Build | Archery Range |
| 11:40 | Create | Villager (Male) |
| 11:41 | Create | Villager (Male) |
| 12:12 | Create | Archer |
| 12:15 | Build | House |
| 12:16 | Build | House |
| 12:18 | Build | House |
| 12:20 | Build | Palisade Wall |
| 12:23 | Build | House |
| 12:24 | Create | Villager (Male) |
| 12:24 | Create | Villager (Male) |
| 12:56 | Create | Villager (Male) |
| 12:56 | Create | Villager (Male) |
| 13:01 | Create | Archer |
| 13:22 | Build | Farm |
| 13:26 | Build | Farm |
| 13:28 | Build | Farm |
| 13:42 | Build | Watch Tower |
| 13:47 | Create | Villager (Male) |
| 13:49 | Build | Blacksmith |
| 13:55 | Create | Villager (Male) |
| 14:06 | Create | Villager (Male) |
| 14:11 | Create | Archer |
| 14:18 | Create | Villager (Male) |
| 14:18 | Create | Villager (Male) |
| 14:18 | Create | Villager (Male) |
| 14:21 | Create | Villager (Male) |
| 14:27 | Create | Villager (Male) |
| 14:31 | Create | Villager (Male) |
| 14:31 | Create | Villager (Male) |
| 14:34 | Build | House |
| 14:43 | Create | Skirmisher |
| 14:51 | Build | House |
| 14:56 | Build | Palisade Wall |
| 15:03 | Research | Fletching |
| 15:04 | Create | Skirmisher |
| 15:06 | Create | Villager (Male) |
| 15:17 | Create | Skirmisher |
| 15:27 | Create | Archer |
| 15:36 | Build | Palisade Wall |
| 15:48 | Create | Archer |
| 15:56 | Build | House |
| 16:09 | Create | Skirmisher |
| 16:46 | Create | Villager (Male) |
| 16:46 | Create | Villager (Male) |
| 16:49 | Build | Mining Camp |
| 16:51 | Create | Archer |
| 16:51 | Create | Archer |
| 17:00 | Build | Palisade Wall |
| 17:07 | Build | Palisade Wall |
| 17:14 | Build | Lumber Camp |
| 17:16 | Create | Archer |
| 17:16 | Create | Archer |
| 17:16 | Create | Archer |
| 17:23 | Build | House |
| 17:33 | Create | Villager (Male) |
| 17:35 | Build | Farm |
| 17:37 | Build | Farm |
| 17:47 | Research | Double-Bit Axe |
| 17:48 | Create | Archer |
| 18:01 | Build | Farm |
| 18:04 | Create | Villager (Male) |
| 18:10 | Build | Palisade Wall |
| 18:16 | Create | Archer |
| 18:22 | Build | House |
| 18:23 | Create | Villager (Male) |
| 18:24 | Create | Archer |
| 18:24 | Create | Archer |
| 18:24 | Create | Archer |
| 18:41 | Create | Villager (Male) |
| 18:46 | Build | Market |
| 18:49 | Create | Archer |
| 18:50 | Create | Archer |
| 18:51 | Create | Archer |
| 18:56 | Create | Villager (Male) |
| 19:11 | Build | Farm |
| 19:14 | Create | Villager (Male) |
| 19:22 | Create | Archer |
| 19:31 | Build | Archery Range |
| 19:36 | Create | Villager (Male) |
Build order — FJL
First 150 of 469 actions detected
| 0:00 | Create | Villager (Male) |
| 0:00 | Create | Villager (Male) |
| 0:01 | Create | Villager (Male) |
| 0:02 | Build | House |
| 0:02 | Build | House |
| 0:08 | Create | Villager (Male) |
| 1:28 | Create | Villager (Male) |
| 1:45 | Build | Mule Cart |
| 1:54 | Create | Villager (Male) |
| 2:28 | Create | Villager (Male) |
| 2:46 | Create | Villager (Male) |
| 3:18 | Create | Villager (Male) |
| 3:23 | Build | House |
| 3:39 | Create | Villager (Male) |
| 3:44 | Build | House |
| 3:53 | Create | Villager (Male) |
| 4:14 | Create | Villager (Male) |
| 4:24 | Create | Villager (Male) |
| 5:03 | Build | Barracks |
| 5:11 | Create | Villager (Male) |
| 5:31 | Create | Villager (Male) |
| 5:50 | Research | Loom |
| 6:46 | Create | Villager (Male) |
| 7:15 | Research | Feudal Age |
| 7:24 | Build | Mule Cart |
| 7:32 | Create | Militia |
| 7:32 | Create | Militia |
| 7:54 | Create | Militia |
| 7:54 | Create | Militia |
| 8:16 | Create | Militia |
| 8:43 | Create | Villager (Male) |
| 9:00 | Create | Villager (Male) |
| 9:14 | Create | Villager (Male) |
| 9:17 | Create | Villager (Male) |
| 9:25 | Age | Feudal Age |
| 9:34 | Create | Villager (Male) |
| 9:42 | Create | Villager (Male) |
| 9:51 | Create | Villager (Male) |
| 9:54 | Create | Villager (Male) |
| 10:02 | Create | Villager (Male) |
| 10:16 | Build | Archery Range |
| 10:19 | Create | Villager (Male) |
| 10:19 | Create | Villager (Male) |
| 10:20 | Create | Villager (Male) |
| 11:10 | Research | Man-at-Arms (upgrade) |
| 11:12 | Create | Villager (Male) |
| 11:15 | Build | Mill |
| 11:15 | Create | Archer |
| 11:20 | Create | Villager (Male) |
| 11:22 | Build | House |
| 11:30 | Create | Archer |
| 11:39 | Create | Archer |
| 11:44 | Build | House |
| 11:48 | Create | Archer |
| 11:59 | Create | Villager (Male) |
| 12:10 | Create | Villager (Male) |
| 12:11 | Create | Archer |
| 12:25 | Create | Villager (Male) |
| 12:37 | Create | Archer |
| 12:42 | Create | Archer |
| 12:59 | Create | Villager (Male) |
| 13:00 | Create | Villager (Male) |
| 13:03 | Research | Double-Bit Axe |
| 13:10 | Build | Farm |
| 13:10 | Build | Farm |
| 13:14 | Create | Archer |
| 13:22 | Create | Villager (Male) |
| 13:24 | Build | Farm |
| 13:26 | Create | Archer |
| 13:35 | Create | Archer |
| 13:35 | Create | Archer |
| 13:35 | Create | Archer |
| 13:49 | Create | Villager (Male) |
| 13:54 | Build | Farm |
| 14:06 | Create | Villager (Male) |
| 14:12 | Build | House |
| 14:15 | Create | Skirmisher |
| 14:27 | Build | House |
| 14:36 | Create | Villager (Male) |
| 14:38 | Build | Blacksmith |
| 14:44 | Create | Skirmisher |
| 15:00 | Create | Skirmisher |
| 15:05 | Create | Skirmisher |
| 15:08 | Create | Villager (Male) |
| 15:19 | Create | Skirmisher |
| 15:27 | Create | Skirmisher |
| 15:38 | Build | House |
| 15:53 | Create | Villager (Male) |
| 16:04 | Research | Fletching |
| 16:09 | Create | Villager (Male) |
| 16:31 | Create | Skirmisher |
| 16:35 | Build | House |
| 16:37 | Build | Farm |
| 16:37 | Build | Farm |
| 16:38 | Create | Archer |
| 16:43 | Create | Villager (Male) |
| 16:49 | Create | Villager (Male) |
| 16:51 | Create | Archer |
| 17:02 | Create | Villager (Male) |
| 17:04 | Create | Villager (Male) |
| 17:07 | Build | House |
| 17:09 | Create | Archer |
| 17:18 | Create | Villager (Male) |
| 17:24 | Create | Villager (Male) |
| 17:24 | Create | Archer |
| 17:29 | Build | Farm |
| 17:31 | Create | Villager (Male) |
| 17:32 | Create | Archer |
| 17:34 | Create | Villager (Male) |
| 17:37 | Research | Padded Archer Armor |
| 17:39 | Build | Farm |
| 17:41 | Create | Villager (Male) |
| 17:47 | Create | Villager (Male) |
| 17:56 | Build | Farm |
| 18:06 | Create | Villager (Male) |
| 18:08 | Build | Farm |
| 18:12 | Build | Farm |
| 18:30 | Build | Mule Cart |
| 18:38 | Create | Skirmisher |
| 18:39 | Create | Villager (Male) |
| 18:48 | Create | Archer |
| 18:50 | Create | Villager (Male) |
| 18:55 | Build | Farm |
| 19:02 | Create | Villager (Male) |
| 19:03 | Create | Archer |
| 19:16 | Create | Villager (Male) |
| 19:20 | Build | Farm |
| 19:24 | Create | Villager (Male) |
| 19:43 | Build | Farm |
| 19:45 | Build | Farm |
| 19:53 | Create | Archer |
| 19:56 | Create | Villager (Male) |
| 19:59 | Build | Archery Range |
| 20:03 | Create | Villager (Male) |
| 20:05 | Create | Skirmisher |
| 20:10 | Build | Farm |
| 20:13 | Create | Villager (Male) |
| 20:15 | Build | Farm |
| 20:20 | Create | Archer |
| 20:23 | Create | Villager (Male) |
| 20:24 | Create | Archer |
| 20:28 | Build | Farm |
| 20:41 | Create | Villager (Male) |
| 20:46 | Create | Villager (Male) |
| 20:51 | Build | Market |
| 20:53 | Build | House |
| 20:56 | Create | Archer |
| 21:09 | Create | Villager (Male) |
| 21:16 | Build | House |
| 21:17 | Build | House |
Match timeline
| 4:55 | Chagas · first_building Barracks |
| 5:03 | FJL · first_building Barracks |
| 5:57 | Chagas · wall_segment Palisade Wall x5 |
| 6:54 | Chagas · wall_segment Palisade Wall x6 |
| 9:25 | FJL · age_up feudal |
| 10:08 | Chagas · wall_segment Palisade Wall x1 |
| 10:16 | FJL · first_building Archery Range |
| 10:39 | Chagas · wall_segment Palisade Wall x1 |
| 10:42 | Chagas · wall_segment Palisade Wall x1 |
| 10:45 | Chagas · wall_segment Palisade Wall x1 |
| 10:45 | Chagas · wall_segment Palisade Wall x1 |
| 10:46 | Chagas · wall_segment Palisade Wall x1 |
| 11:01 | Chagas · wall_segment Palisade Wall x1 |
| 11:09 | Chagas · age_up feudal |
| 11:25 | Chagas · wall_segment Palisade Wall x1 |
| 11:31 | Chagas · first_building Archery Range |
| 12:20 | Chagas · wall_segment Palisade Wall x1 |
| 14:56 | Chagas · wall_segment Palisade Wall x6 |
| 15:36 | Chagas · wall_segment Palisade Wall x1 |
| 17:00 | Chagas · wall_segment Palisade Wall x6 |
| 17:07 | Chagas · wall_segment Palisade Wall x14 |
| 18:10 | Chagas · wall_segment Palisade Wall x9 |
| 20:05 | Chagas · first_market_buy 500 food |
| 20:13 | Chagas · first_market_sell 100 wood |
| 22:29 | Chagas · first_building Stable |
| 22:47 | FJL · first_market_sell 100 wood |
| 23:11 | FJL · wall_segment Palisade Wall x5 |
| 23:23 | Chagas · age_up castle |
| 24:21 | FJL · wall_segment Palisade Wall x6 |
| 24:25 | FJL · wall_segment Palisade Wall x9 |
| 25:58 | FJL · age_up castle |
| 26:10 | FJL · first_building Monastery |
| 27:41 | Chagas · first_building Siege Workshop |
| 28:33 | FJL · first_market_buy 100 wood |
| 31:58 | FJL · first_building Siege Workshop |
| 34:48 | Chagas · first_building Monastery |
| 38:40 | Chagas · age_up imperial |
| 40:29 | Chagas · first_building Castle |
| 42:45 | FJL · age_up imperial |
| 43:42 | FJL · first_building Castle |
| 45:42 | FJL · resign |
[ AI ANALYSIS · 1 CREDIT ]
What really happened in this match?
Wolo.gg analyzes every decision: build order, eco, micro, common mistakes by bracket. Personalized analysis on WhatsApp or Discord in 30 seconds.
Civ guide
Bengalis
Perfil
Jugador #25079803